AoeStats
← Shamburger

African Clearing

505240630Analyzed
4v4 RM · 25d ago on Sep 8, 2026· 12m 26s· 8 players
Game mode
Random Map
Map size
Large (8 player)
Population
200
Speed
Normal
Resources
Standard
Victory
Conquest
Starting age
Dark Age
Ending age
Imperial Age
RankedLock teamsTeams togetherTeam positionsShared explorationLock speedFull tech treeHidden civsTurbo modeCheats
Victory
Defeat
🇹🇷 Japanese · Türkiye
1705
+14
🇦🇷 Lithuanians · Argentina
1625
+17
🇪🇸 Burmese · Spain
1593
+18
🇳🇴 Malians · Norway
1545
+20
🇦🇷 Jurchens · Argentina
1693
-19
🇭🇰 Huns · Hong Kong SAR China
1685
-19
🇹🇼 Tatars · Taiwan
1645
-17
🇻🇳 Bohemians · Vietnam
1570
-14
TandemTooth
11:43 Loom
13:29 Feudal Age
LonzoWall
8:25 Loom
11:13 Feudal Age
12:26 Double-Bit Axe
Sick Porky Stoner
7:58 Loom
10:48 Feudal Age
11:24 Double-Bit Axe
Shamburger
康寶羊
5:52 Loom
11:28 Feudal Age
12:08 Double-Bit Axe
Sumi
5:39 Loom
12:04 Feudal Age
St. John Ambulance
11:18 Loom
13:23 Feudal Age
luanb10
12:26 Feudal Age
Connection lost

Rejoining the realm…

Still unreachable

The connection could not be restored.

Session expired

The server has moved on; the page needs a fresh start.